 Dungeon Crawl Stone Soup version 0.31.0-10-gcf4a605ca0 (webtiles) character file.

Game seed: 14542890172175834923

66 Gadfly the Ruffian (level 3, -8/25 (27) HPs)
             Began as a Demonspawn Shapeshifter on Jan 26, 2024.
             Killed by divine providence
             ... invoked by an orc priest
              (14 damage)
             ... on level 3 of the Dungeon.
             The game lasted 00:02:55 (1809 turns).

Gadfly the Ruffian (Demonspawn Shapeshifter)        Turns: 1809, Time: 00:02:56

HP:   -8/25 (27)    AC:  2    Str: 16    XL:     3   Next: 96%
MP:   3/3           EV: 14    Int: 10    God:
Gold: 104           SH:  0    Dex: 12    Spells: 2/2 levels left

rFire   . . .        b - +4 dagger (drain)
rCold   . . .        (no shield)
rNeg    . . .        a - +0 animal skin
rPois   .            (helmet currently unavailable)
rElec   .            (cloak currently unavailable)
rCorr   .            (gloves currently unavailable)
SInv    .            (boots currently unavailable)
Will    .....        (no amulet)
Stlth   +            (no ring)
HPRegen 0.24/turn    (no ring)
MPRegen 0.08/turn

%: no passive effects
@: beast-form, drained
A: beast (slay +1), repulsion field 1, weakness stinger 1
a: Begin Untransformation


You were on level 3 of the Dungeon.
You were a hulking beast.
You visited 1 branch of the dungeon, and saw 3 of its levels.

You collected 104 gold pieces.

Inventory:

Hand Weapons
 b - a +4 dagger of draining (weapon)
Armour
 a - a +0 animal skin (worn)
Jewellery
 j - a ring of wizardry
Talismans
 c - a beast talisman
 d - a flux talisman
Scrolls
 k - a scroll of revelation
Potions
 f - a potion of heal wounds {unknown}
 g - a potion of lignification
 h - a potion of enlightenment {unknown}
 i - 3 potions of curing {unknown}
 l - a potion of brilliance {unknown}
 n - a potion of mutation {unknown}


   Skills:
 + Level 1.7 Fighting
 + Level 2.5 Dodging
 + Level 3.0 Unarmed Combat
 * Level 1.7 Evocations
 + Level 2.9 Shapeshifting


You had 2 spell levels left.
You didn't know any spells.
Your spell library contained the following spells:

 Spells                   Type           Power      Damage    Failure   Level
 Magic Dart               Conj           0%         1d3       36%         1
 Searing Ray              Conj           0%         2d4       50%         2
 Fulminant Prism          Conj/Alch      0%         3d5       98%         4


Dungeon Overview and Level Annotations

Branches:
Dungeon (3/15)

Altars:


Innate Abilities, Weirdness & Mutations

You are a hulking beast.
Your limbs bulge with bestial killing power. (Slay +1)
You are surrounded by a mild repulsion field. (EV +2)
You have a small tail.


Message History

An orc comes into view. It is wielding a +0 club.
A gnoll comes into view. It is wielding a +0 spear.
A gnoll comes into view. It is wielding a +0 flail.
A gnoll comes into view. It is wielding a +0 whip.
An orc priest comes into view. It is wielding a +0 club.
Found a rapier.
The gnoll shouts!
The orc shouts!
You hear a shout!
The gnoll shouts!
The orc priest shouts!
The orc priest begins to cast a cantrip, but forgets the words!
The gnoll hits you with a +0 spear.
You see here a +0 leather armour.
You barely miss the gnoll. You hit the gnoll.
The gnoll is moderately wounded.
A gnoll comes into view. It is wielding a +0 spear.
The gnoll hits you with a +0 spear.
You hit the gnoll.
The gnoll is severely wounded.
The gnoll completely misses you. The orc hits you with a +0 dagger.
The gnoll barely misses you.
You closely miss the gnoll.
The gnoll is severely wounded.
The orc closely misses you. The gnoll hits you with a +0 whip.
The orc closely misses you. The gnoll hits you with a +0 spear.
* * * LOW HITPOINT WARNING * * *
Unknown command.
You barely miss the orc. You tail-slap the orc.
You kill the orc!
The orc misses you. The gnoll closely misses you.
The gnoll hits you with a +0 whip.
* * * LOW HITPOINT WARNING * * *
The gnoll hits you with a +0 spear.
* * * LOW HITPOINT WARNING * * *
You see here a +0 dagger.
Okay, then.
The orc attacks as it pursues you! The orc barely misses you.
The orc priest invokes the aid of Beogh against you.
Beogh smites you!
Ouch! That really hurt!
You die...

####.. ....# #.....
..... #.##.# #.#.#
. #.##.# #.#.# #..
#.##.# #.#.# ....
#.##.# #.#.# .....
#.##.####.#g#......
#.<..h.o.g)og......
#.##.####.#g#....#.
#.##.# #.#.# ...#
#.##.# #.#.# ###
#.##.# #.#)# #.##..
..... #..... ....#
###### #.#.#


You could see an orc priest, 4 gnolls and an orc.

Vanquished Creatures
  2 adders (D:2)
  A dart slug (D:1)
  An orc (D:3)
  2 endoplasms (D:2)
  A giant cockroach (D:1)
  4 goblins
  7 hobgoblins
  5 jackals (D:1)
  A kobold (D:2)
  2 quokkas (D:2)
  4 ball pythons
  3 bats
  4 frilled lizards (D:1)
  3 rats (D:1)
40 creatures vanquished.

Notes
Turn   | Place    | Note
-------+----------+-------------------------------------------
     0 | D:1      | Gadfly the Demonspawn Shapeshifter began the quest for the
                  | Orb.
     0 | D:1      | Reached XP level 1. HP: 15/15 MP: 1/1
   250 | D:1      | Gained mutation: You have a small tail. [demonic ancestry]
   250 | D:1      | Reached XP level 2. HP: 21/21 MP: 2/2
   301 | D:1      | Reached skill level 1 in Evocations
  1020 | D:2      | Gained mutation: You are surrounded by a mild repulsion
                  | field. (EV +2) [demonic ancestry]
  1020 | D:2      | Reached XP level 3. HP: 26/26 MP: 3/3
  1263 | D:2      | Reached skill level 3 in Unarmed Combat
  1809 | D:3      | Killed from afar by an orc priest

Illustrated notes

Levels and vault maps discovered:
D:1:      mainiacjoe_arrival_oval_in_oval, layout_basic
D:2:      layout_loops_ring, minmay_misc_feat_x, minmay_pentomino_x2
D:3:      layout_basic, mainiacjoe_overflow_alcove_4,
          nicolae_dithmenos_shadow_blocks, serial_shops, shop,
          nicolae_shop_hallway_plus, nicolae_diamond_shop, shop,
          chequers_ecumenical_altar_island, roderic_batcave

Skill      XL: |  1  2  3 |
---------------+----------+-----
Dodging        | 2 |  2.5
Evocations     | 1 |  1.7
Unarmed Combat | 3 |  3.0
Fighting       | |  1.7
Shapeshifting  | |  2.9

Action                     || total
---------------------------++-------
  Melee: Unarmed           ||    98
         Tailslap          ||     7
         Dagger            ||    10
         Punch             ||     1
    Use: Scroll            ||     5
   Stab: Sleeping          ||     1
 Armour: Animal skin       ||    49
  Dodge: Dodged            ||    73
